 Dungeon Crawl Stone Soup version 0.19.4-8-ga85b6b9 (webtiles) character file.

10726 Kosschaser the Bludgeoner (level 11, -4/184 HPs)
             Began as an Ogre Berserker on Feb 10, 2017.
             Was a High Priest of Trog.
             Slain by Donald
             ... wielding a +0 scimitar of holy wrath
              (22 damage)
             ... on level 2 of the Orcish Mines.
             The game lasted 01:37:29 (11652 turns).

Kosschaser the Bludgeoner (Ogre Berserker)         Turns: 11652, Time: 01:37:30

Health: -4/184     AC: 12    Str: 32    XL:     11   Next: 66%
Magic:  11/11      EV: 13    Int:  6    God:    Trog [*****.]
Gold:   563        SH:  0    Dex: 12    Spells: 0 memorised, 10 levels left

rFire  . . .     SeeInvis .     b - +3 great mace (protect)
rCold  + . .     Gourm    .     a - +0 troll leather armour
rNeg   . . .     Faith    +     (shield currently unavailable)
rPois  .         Spirit   .     (helmet restricted)
rElec  .         Reflect  .     (no cloak)
rCorr  .         Harm     .     (gloves unavailable)
MR     +++..                    (boots unavailable)
Stlth  ..........               i - amulet of faith
                                w - ring of protection from cold
                                e - +3 ring of dexterity

@: berserking (expiring), protection aura, regenerating, very quick
A: unfitting armour, camouflage 1, tough skin 1
a: Berserk, Trog's Hand, Brothers in Arms, Burn Spellbooks, Renounce Religion


You were on level 2 of the Orcish Mines.
You worshipped Trog.
Trog was extremely pleased with you.
You were not hungry.

You visited 3 branches of the dungeon, and saw 13 of its levels.
You also visited: Bailey.

You collected 1053 gold pieces.
You spent 490 gold pieces at shops.

Inventory:

Hand Weapons
 b - a +3 great mace of protection (weapon)
 D - a +7 antimagic triple sword
 H - a +2 flail of venom
Armour
 a - a +0 troll leather armour (worn)
Jewellery
 e - a +3 ring of dexterity (left hand)
 f - an uncursed ring of protection from fire
 i - an amulet of faith (around neck)
 w - a ring of protection from cold (right hand)
 E - an uncursed ring of protection from cold
 I - a cursed ring of teleportation {unknown}
Wands
 o - a wand of confusion (35/48)
 r - a wand of iceblast (1/15)
 t - a wand of teleportation (3/9)
Scrolls
 g - a scroll of blinking
 h - 2 scrolls of fear
 j - 6 scrolls of remove curse
 p - a scroll of immolation {unknown}
 u - 5 scrolls of teleportation
 y - a scroll of magic mapping {unknown}
 A - a scroll of random uselessness {unknown}
Potions
 d - a potion of berserk rage
 k - 2 potions of ambrosia
 n - 3 potions of cure mutation
 x - 3 potions of might
 z - 2 potions of agility
 F - 2 potions of flight
 G - 4 potions of curing
 J - a potion of magic {unknown}
 L - a potion of experience {unknown}
Comestibles
 q - a meat ration
 v - a bread ration


   Skills:
 + Level 12.3 Fighting
 - Level 0.9 Long Blades
 + Level 16.4 Maces & Flails
 + Level 2.4 Armour
 + Level 7.4 Dodging
 + Level 0.8 Evocations


You had 10 spell levels left.
You didn't know any spells.

Dungeon Overview and Level Annotations

Branches:
Dungeon (10/15)            Temple (1/1) D:5            Lair (0/6) D:10
    Orc (2/2) D:10            Elf (0/3) Orc:2

Altars:
Ashenzari
Cheibriados
Dithmenos
Elyvilon
Fedhas
Gozag
Hepliaklqana
Kikubaaqudgha
Makhleb
Nemelex Xobeh
Okawaru
Qazlal
Ru
Sif Muna
Trog
Uskayaw
Vehumet
Xom
Yredelemnul
Zin
The Shining One
Beogh

Shops:
D:4 **:   D:5 (   D:7 *   Orc:2 }[

Annotations:
D:3 exclusion: oklob plant
Orc:2 Donald


Innate Abilities, Weirdness & Mutations

You are too large for most types of armour.
You have tough skin. (AC +1)
Your skin changes colour to match your surroundings (Stealth+).


Message History

Donald blocks your attack.
Donald is severely wounded.
Donald hits you with a scimitar of holy wrath!!
You hit Donald.
Donald is severely wounded.
Donald hits you with a scimitar of holy wrath!
* * * LOW HITPOINT WARNING * * *
An orc warrior comes into view. It is wielding a mace.
You barely miss Donald.
Donald is severely wounded.
Donald blocks your attack.
Donald is severely wounded.
Donald hits you with a scimitar of holy wrath!!!
* * * LOW HITPOINT WARNING * * *
You are too berserk!
Donald blocks your attack.
Donald is severely wounded.
You feel the effects of Trog's Hand fading.
Donald hits you with a scimitar of holy wrath!!
You die...

.........#
........o# ...
.........# ......
.........####......
...................
#.......#.#......
#..)@)##.......
#..@.##....## ..
#...#.......## ...
##.#....(....#
.....
####.#....####.....
##........#......
...................
.....####.(....#..#
.#.### #.......###
## ##.#..(...###.


You could see Donald and an orc warrior.

Vanquished Creatures
  An orc warlord (Bailey)
  2 orc sorcerers (Orc:2)
  A cyclops (Orc:2)
  2 trolls
  A two-headed ogre (Orc:1)
  A hippogriff (D:8)
  4 yaks (D:9)
  A steam dragon (D:8)
  A hungry ghost (D:10)
  Menkaure (D:4)
  4 wargs
  A water moccasin (D:10)
  An ice beast (D:6)
  2 black bears
  21 orc warriors
  An eye of draining (D:8)
  2 phantoms
  7 ogres
  A necrophage (D:7)
  2 centaurs
  A crocodile (D:10)
  3 big kobolds
  4 bullfrogs
  5 killer bees (D:10)
  3 scorpions
  A howler monkey (D:3)
  2 crimson imps
  A quasit (D:10)
  A bullfrog zombie (D:4)
  3 hounds
  A jelly (D:5)
  11 orc priests
  A bullfrog skeleton (D:5)
  17 orc wizards
  5 worker ants
  Natasha (thrice) (D:2)
  2 hound zombies
  Robin (D:4)
  12 gnolls
  11 adders
  A river rat (D:10)
  An ooze (D:1)
  3 adder skeletons
  A worm (D:4)
  A dart slug (D:5)
  7 leopard geckos
  45 orcs
  2 ball pythons
  5 giant cockroaches
  19 goblins
  10 hobgoblins
  12 jackals
  31 kobolds
  7 quokkas
  14 bats
  3 frilled lizards
  18 rats
  A bush (D:6)
  3 fungi
  4 plants
333 creatures vanquished.

Vanquished Creatures (others)
  16 fungi (D:10)
  2 plants (D:10)
18 creatures vanquished.

Grand Total: 351 creatures vanquished

Notes
Turn   | Place    | Note
-------+----------+-------------------------------------------
     0 | D:1      | Kosschaser the Ogre Berserker began the quest for the Orb.
     0 | D:1      | Reached XP level 1. HP: 24/24 MP: 1/1
   124 | D:1      | Reached XP level 2. HP: 24/32 MP: 2/2
   565 | D:1      | Reached XP level 3. HP: 40/40 MP: 3/3
   875 | D:2      | Reached ** piety under Trog
  1089 | D:2      | Found a shadowy altar of Dithmenos.
  1168 | D:2      | Noticed Natasha
  1177 | D:2      | Killed Natasha
  1177 | D:2      | Reached skill level 5 in Fighting
  1177 | D:2      | Reached skill level 5 in Maces & Flails
  1177 | D:2      | Reached XP level 4. HP: 50/50 MP: 4/4
  1290 | D:2      | Noticed Natasha
  1302 | D:2      | Killed Natasha
  1553 | D:2      | Noticed Natasha
  1772 | D:3      | Reached XP level 5. HP: 56/57 MP: 5/5
  1889 | D:3      | Reached skill level 6 in Maces & Flails
  2410 | D:3      | Found a blossoming altar of Fedhas.
  2429 | D:3      | Reached *** piety under Trog
  2439 | D:3      | Noticed an oklob plant
  2863 | D:2      | Killed Natasha
  2863 | D:2      | Reached XP level 6. HP: 64/66 MP: 6/6
  2939 | D:3      | Reached skill level 7 in Maces & Flails
  3526 | D:4      | Found Liabetz's Book Shoppe.
  3792 | D:4      | Noticed Robin
  4185 | D:4      | Found Sim Wolueng's General Store.
  4185 | D:4      | Noticed Menkaure
  4189 | D:4      | Killed Menkaure
  4189 | D:4      | Reached XP level 7. HP: 65/75 MP: 7/7
  4254 | D:4      | Killed Robin
  4258 | D:4      | Found Xawkusk's General Store.
  4443 | D:4      | Reached skill level 8 in Maces & Flails
  4543 | D:5      | Entered Level 5 of the Dungeon
  4598 | D:5      | Reached **** piety under Trog
  4616 | D:5      | Found a staircase to the Ecumenical Temple.
  4718 | D:5      | Found Bosk's Antique Weapon Shoppe.
  4781 | Temple   | Entered the Ecumenical Temple
  5182 | D:5      | Found a snail-covered altar of Cheibriados.
  5496 | D:6      | Reached skill level 9 in Maces & Flails
  5496 | D:6      | Reached XP level 8. HP: 68/87 MP: 8/8
  5565 | D:6      | Reached skill level 5 in Dodging
  5901 | D:7      | Reached skill level 10 in Maces & Flails
  5990 | D:7      | Found Silurhim's Assorted Antiques.
  6279 | D:7      | Reached skill level 11 in Maces & Flails
  6320 | D:7      | Reached XP level 9. HP: 96/96 MP: 9/9
  6920 | D:8      | Reached ***** piety under Trog
  6928 | D:8      | Reached skill level 12 in Maces & Flails
  7437 | D:9      | Reached skill level 13 in Maces & Flails
  7533 | D:9      | Reached XP level 10. HP: 48/107 MP: 10/10
  8004 | D:9      | Received a gift from Trog
  8151 | D:10     | Entered Level 10 of the Dungeon
  8169 | D:10     | Found a staircase to the Lair.
  8221 | D:10     | Reached skill level 10 in Fighting
  8476 | D:10     | Reached skill level 14 in Maces & Flails
  8482 | D:10     | Noticed a gargoyle
  8560 | D:10     | Found a staircase to the Orcish Mines.
  8585 | D:10     | Found a flagged portal.
  8725 | Bailey   | Entered a bailey
  8730 | Bailey   | Noticed an orc warlord
  9034 | Bailey   | Found a runed gate.
  9035 | Bailey   | Found a runed gate.
  9036 | Bailey   | Found a runed gate.
  9102 | Bailey   | Killed an orc warlord
  9102 | Bailey   | Reached skill level 15 in Maces & Flails
  9516 | D:4      | Bought a potion of beneficial mutation for 490 gold pieces
  9517 | D:4      | Gained mutation: Your skin changes colour to match your surroundings (Stealth+). [potion of beneficial mutation]
  9881 | Orc:1    | Entered Level 1 of the Orcish Mines
 10040 | Orc:1    | Received a gift from Trog
 10050 | Orc:1    | Reached XP level 11. HP: 89/120 MP: 11/11
 10229 | D:10     | HP: 8/180 [orc warrior/war axe (2)]
 10743 | Orc:2    | Entered Level 2 of the Orcish Mines
 10760 | Orc:1    | Reached skill level 16 in Maces & Flails
 10997 | Orc:2    | Noticed an orc sorcerer
 11007 | Orc:2    | Killed an orc sorcerer
 11025 | Orc:2    | Found a roughly hewn altar of Beogh.
 11047 | Orc:2    | Noticed a cyclops
 11071 | Orc:2    | Killed a cyclops
 11071 | Orc:2    | Reached skill level 1 in Armour
 11153 | Orc:2    | Found a roughly hewn altar of Beogh.
 11194 | Orc:2    | Found Diellol's Gadget Emporium.
 11260 | Orc:2    | Found a roughly hewn altar of Beogh.
 11303 | Orc:2    | Found a roughly hewn altar of Beogh.
 11434 | Orc:2    | Found a roughly hewn altar of Beogh.
 11438 | Orc:2    | Received a gift from Trog
 11439 | Orc:2    | Found Homut's Armour Emporium.
 11439 | Orc:2    | Noticed an orc sorcerer
 11450 | Orc:2    | Killed an orc sorcerer
 11512 | Orc:2    | Found a staircase to the Elven Halls.
 11521 | Orc:2    | Found a roughly hewn altar of Beogh.
 11579 | Orc:2    | Found a roughly hewn altar of Beogh.
 11626 | Orc:2    | Noticed Donald
 11652 | Orc:2    | Slain by Donald

Skill      XL: |  1  2  3  4  5  6  7  8  9 10 11 |
---------------+----------------------------------+-----
Dodging        | 3 4 5 6 7 |  7.4
Fighting       | 5 6 7 8 9 11 12 | 12.3
Maces & Flails | 5 6 7 9 11 13 15 16 | 16.4
Armour         | 2 |  2.4
Long Blades    | |  0.9
Evocations     | |  0.8

Action                   |  1- 3 |  4- 6 |  7- 9 | 10-12 || total
-------------------------+-------+-------+-------+-------++-------
Melee: Mace              |    87 |   276 |    14 |       ||   377
       Giant club        |       |       |   251 |   193 ||   444
       Triple sword      |       |       |       |     6 ||     6
       Flail             |       |       |       |   182 ||   182
       Great mace        |       |       |       |    48 ||    48
Invok: Berserk           |     1 |     3 |     2 |     5 ||    11
       Trog's Hand       |       |       |     1 |     4 ||     5
       Burn Spellbooks   |       |       |       |     4 ||     4
Evoke: Wand              |       |     2 |     1 |       ||     3
  Use: Scroll            |     8 |     3 |     8 |     4 ||    23
       Potion            |     4 |     1 |       |     5 ||    10
 Stab: Sleeping          |       |     4 |     2 |     1 ||     7
       Distracted        |       |     1 |       |       ||     1
  Eat: Meat ration       |     1 |       |     1 |     3 ||     5
       Bread ration      |       |     2 |     2 |     1 ||     5
       Fruit             |       |     1 |       |       ||     1
       Beef jerky        |       |     1 |       |       ||     1
       Pizza             |       |       |       |     1 ||     1
Armor: Animal skin       |    18 |    79 |    32 |    50 ||   179
       Troll leather arm |       |       |       |    23 ||    23
Dodge: Dodged            |    55 |   172 |   146 |   273 ||   646
       Rpst.: Triple sword |       |       |       |     4 ||     4
